 Dungeon Crawl Stone Soup version 0.28.0 (webtiles) character file.

Game seed: 14552244016553833832

7 Sanktem7 the Caller (level 1, -1/9 HPs)
             Began as a Spriggan Summoner on Feb 8, 2022.
             Slain by a hobgoblin (3 damage)
             ... on level 1 of the Dungeon.
             The game lasted 00:01:18 (559 turns).

Sanktem7 the Caller (Spriggan Summoner)              Turns: 559, Time: 00:01:18

Health: -1/9       AC:  2    Str:  4    XL:     1   Next: 83%
Magic:  0/5        EV: 17    Int: 16    God:
Gold:   0          SH:  0    Dex: 15    Spells: 4/5 levels left

rFire   . . .      SeeInvis +   (weapon restricted)
rCold   . . .      Faith    .   (no shield)
rNeg    . . .      Spirit   .   a - +0 robe
rPois   .          Reflect  .   (helmet restricted)
rElec   .          Harm     .   (no cloak)
rCorr   .          Rampage  .   (gloves unavailable)
Will    .....                   (boots unavailable)
Stlth   ++........              (no amulet)
HPRegen 0.03/turn               (no ring)
MPRegen 0.09/turn               (no ring)

@: very quick
A: very small, no large weapons, unfitting armour, see invisible, speed 3
a: no special abilities


You were on level 1 of the Dungeon.
You visited 1 branch of the dungeon, and saw 1 of its levels.

Inventory:

Armour
 a - a +0 robe (worn)


   Skills:
 + Level 2.6 Dodging
 + Level 3.0 Stealth
 + Level 2.6 Spellcasting
 + Level 3.6 Summonings


You had 4 spell levels left.
You knew the following spells:

 Your Spells              Type           Power      Damage    Failure   Level
a - Summon Small Mammal   Summ           52%        N/A       4%          1

Your spell library contained the following spells:

 Spells                   Type           Power      Damage    Failure   Level
 Call Imp                 Summ           13%        N/A       7%          2
 Call Canine Familiar     Summ           13%        N/A       13%         3
 Ensorcelled Hibernation  Hex/Ice        4%         N/A       28%         2
 Summon Guardian Golem    Hex/Summ       7%         N/A       28%         3
 Summon Lightning Spire   Summ/Air       7%         N/A       67%         4
 Leda's Liquefaction      Hex/Erth       1%         N/A       88%         4
 Manifold Assault         Tloc           2%         N/A       99%         5
 Malign Gateway           Summ/Tloc      3%         N/A       100%        7


Dungeon Overview and Level Annotations

Branches:
Dungeon (1/15)

Altars:


Innate Abilities, Weirdness & Mutations

You are very small and have problems with some larger weapons.
You are too small for most types of armour.
You have supernaturally acute eyesight. (SInv)
You cover ground extremely quickly. (Speed+++)


Message History

Confirm with . or Enter, or press ? or * to list all spells.
Your quokka disappears in a puff of smoke!
The ball python closely misses you. The ball python grabs you.
The ball python constricts you.
* * * LOW HITPOINT WARNING * * *
The ball python barely misses you. The ball python constricts you.
* * * LOW HITPOINT WARNING * * *
Your rat barely misses the ball python.
You escape the ball python's grasp.
You swap places.
Your rat misses the ball python.
Your rat barely misses the ball python.
The ball python bites your rat. The ball python grabs your rat.
The ball python constricts your rat.
Your rat dies!
Your rat's corpse disappears in a puff of smoke!
Casting: Summon Small Mammal (safe; 4% risk of failure)
Confirm with . or Enter, or press ? or * to list all spells.
Your rat bites the ball python.
The ball python misses your rat.
The ball python closely misses your rat.
Your rat barely misses the hobgoblin.
Your rat closely misses the ball python.
The ball python bites your rat.
Your rat dies!
Your rat's corpse disappears in a puff of smoke!
Your rat barely misses the hobgoblin.
A bat comes into view.
Your rat closely misses the hobgoblin.
A rat comes into view.
Your rat bites the hobgoblin.
The ball python closely misses you. The ball python barely misses you.
Casting: Summon Small Mammal (safe; 4% risk of failure)
Confirm with . or Enter, or press ? or * to list all spells.
The ball python bites your quokka but does no damage.
The ball python grabs your quokka. The ball python constricts your quokka.
The bat misses you.
Your rat closely misses the hobgoblin.
The bat hits you but does no damage.
The ball python bites your quokka but does no damage.
The ball python constricts your quokka.
Your quokka bites the ball python.
The ball python dies!
The hobgoblin hits you.
You die...

##...#...## .#
#######.........## ###.r.
#....#...........##......
#................#.......
#....#....)...........#
###...#...............#
#.#.#...br....####.##.
#######.#....#.g....### ...
##.............@.r##...# ....
#.....รท......####....#.##.....
#..............# ###..#........
#..............# #....!.....
#..............# ##..###....
#>.............# ##........
#.......>......# #####....
##............### ..
##.............##


You could see a hobgoblin (ally target), a bat, a friendly quokka (summoned) and
a friendly rat (summoned).

Vanquished Creatures
  A bat (D:1)
1 creature vanquished.

Vanquished Creatures (collateral kills)
  A dart slug (D:1)
  2 endoplasms (D:1)
  A ball python (D:1)
4 creatures vanquished.

Grand Total: 5 creatures vanquished

Notes
Turn   | Place    | Note
-------+----------+-------------------------------------------
     0 | D:1      | Sanktem7 the Spriggan Summoner began the quest for the Orb.
     0 | D:1      | Reached XP level 1. HP: 9/9 MP: 5/5
     3 | D:1      | Got the Grimoire of the Enchanting Traveller
   559 | D:1      | Slain by a hobgoblin

Illustrated notes

Levels and vault maps discovered:
D:1:      dpeg_arrival_three_smaller_balls, layout_rooms

Action                   || total
-------------------------++-------
Melee: Unarmed           ||     8
 Cast: Summon Small Mamm ||    13
Armor: Robe              ||     3
Dodge: Dodged            ||    18
